 Dungeon Crawl Stone Soup version 0.26-a0-227-g1af32d979d (webtiles) character file.

Game seed: 1630461686272984240

16 Gargoyl the Skirmisher (level 2, 0/26 HPs)
             Began as a Centaur Abyssal Knight on July 7, 2020.
             Was an Initiate of Lugonu.
             Slain by a kobold
             ... wielding a +1 short sword of electrocution
              (2 damage)
             ... on level 1 of the Dungeon.
             The game lasted 00:01:37 (1171 turns).

Gargoyl the Skirmisher (Centaur Abyssal Knight)     Turns: 1171, Time: 00:01:37

Health: 0/26       AC:  4    Str: 14    XL:     2   Next: 41%
Magic:  3/3        EV:  9    Int: 11    God:    Lugonu [......]
Gold:   43         SH:  0    Dex:  8    Spells: 1/1 levels left

rFire    + . .     SeeInvis .   a - +1 hand axe
rCold    . . .     Faith    .   (no shield)
rNeg     . . .     Spirit   .   b - +0 leather armour
rPois    .         Reflect  .   (no helmet)
rElec    .         Harm     .   (no cloak)
rCorr    .                      (no gloves)
MR       .....                  (no barding)
Stlth    ..........             (no amulet)
HPRegen  0.08/turn              d - ring of protection from fire
MPRegen  0.08/turn              (no ring)

@: hasted, very quick
A: large, hooves 3, deformed body, speed 2, tough skin 3
a: Renounce Religion


You were on level 1 of the Dungeon.
You worshipped Lugonu.
Lugonu was noncommittal.
You were not hungry.

You visited 1 branch of the dungeon, and saw 1 of its levels.
You visited the Abyss 1 time.

You collected 43 gold pieces.

Inventory:

Hand Weapons
 a - a +1 hand axe (weapon)
Armour
 b - a +0 leather armour (worn)
Jewellery
 d - a ring of protection from fire (left hand)
Scrolls
 f - 3 scrolls of identify {unknown}
 g - a scroll of teleportation {unknown}
Comestibles
 c - 2 rations


   Skills:
 + Level 3.2 Fighting
 + Level 1.9 Axes
 * Level 1.7 Armour
 * Level 0.8 Dodging
 * Level 2.2 Invocations


You had one spell level left.
You didn't know any spells.
Your spell library was empty.

Dungeon Overview and Level Annotations

Branches:
Dungeon (1/15)

Altars:


Innate Abilities, Weirdness & Mutations

You have hooves in place of feet.
Armour fits poorly on your strangely shaped body.
You cover ground very quickly.
You have extremely tough skin. (AC +3)


Message History

You see here a stone.
The kobold throws a stone.
The stone hits you.
You see here a stone.
The kobold hits you but does no damage.
You hit the kobold. Your kick misses the kobold.
The kobold is moderately wounded.
The kobold hits you with a +1 short sword of electrocution.
You are electrocuted!
Ouch! That really hurt!
* * * LOW HITPOINT WARNING * * *
You barely miss the kobold.
The kobold is moderately wounded.
The kobold hits you but does no damage.
You barely miss the kobold. You kick the kobold, but do no damage.
The kobold is moderately wounded.
The kobold barely misses you.
Unknown command.
It was a potion of haste.
You feel yourself speed up.
The kobold hits you with a +1 short sword of electrocution.
You die...

#.....# ##...## #....
##.## #.#.# #.# #.#.#
#.# #.#.# ##'## #.#.#
##...## #.#.# #(....##
##.#.###.# .^..†..##
##(..@K...#
........####(..#.#####
........'........#
........####...#.#
.......## ##.##.#
#.....## ####.#
##...## ... ##+## ##.


You could see a kobold.

Vanquished Creatures
  A dart slug (D:1)
  A goblin (D:1)
  5 hobgoblins (D:1)
  3 jackals (D:1)
  2 rats (D:1)
12 creatures vanquished.

Notes
Turn   | Place    | Note
-------+----------+-------------------------------------------
     0 | Abyss:1  | Gargoyl the Centaur Abyssal Knight began the quest for the
                  | Orb.
     0 | Abyss:1  | Reached XP level 1. HP: 19/19 MP: 2/2
    56 | Abyss:3  | Noticed a chaos spawn
    74 | Abyss:3  | Noticed an ancient zyme
    75 | Abyss:3  | Found a snail-covered altar of Cheibriados.
    85 | Abyss:3  | Noticed a worldbinder
    90 | Abyss:3  | Noticed a vampire mosquito
    90 | Abyss:3  | Noticed an insubstantial wisp
    91 | Abyss:3  | Noticed an insubstantial wisp
    91 | Abyss:3  | Noticed an insubstantial wisp
   103 | Abyss:3  | Noticed a vampire mosquito
   104 | Abyss:3  | Noticed an insubstantial wisp
   104 | Abyss:3  | Noticed an insubstantial wisp
   119 | D:1      | Escaped the Abyss
   603 | D:1      | Reached XP level 2. HP: 26/26 MP: 3/3
  1168 | D:1      | HP: 1/26 [kobold/+1 short sword of electrocution (17)]
  1171 | D:1      | Slain by a kobold

Illustrated notes

Levels and vault maps discovered:
D:1:      roderic_octagonal_star, layout_loops_corners

Action                   || total
-------------------------++-------
Melee: Hand axe          ||    26
       Kick              ||     3
Invok: Depart the Abyss  ||     1
  Use: Potion            ||     2
Armor: Leather armour    ||    13
Dodge: Dodged            ||    17

Table legend:
 A = Non-vault XP
 B = Vault XP
 C = Vault XP percentage of total XP
 D = Non-vault monster count
 E = Vault monster count
 F = Vault count percentage of total count
                 A         B        C        D         E       F
            +---------+---------+-------+---------+---------+-------
      Total |      24 |       0 |   0.0 |      12 |       0 |   0.0
            +---------+---------+-------+---------+---------+-------
        D:1 |      24 |       0 |   0.0 |      12 |       0 |   0.0
            +---------+---------+-------+---------+---------+-------
